 Dungeon Crawl Stone Soup version 0.24.0-37-gcf1ca852f1 (webtiles) character file.

Game seed: 11106362293945310445, levelgen mode: deterministic

3138 Cryoshakespeare the Grappler (level 9, -9/97 HPs)
             Began as an Ogre Transmuter on Dec 3, 2019.
             Was an Initiate of Wu Jian.
             Mangled by a shadow (32 damage)
             ... on level 8 of the Dungeon.
             The game lasted 00:30:44 (9231 turns).

Cryoshakespeare the Grappler (Ogre Transmuter)      Turns: 9231, Time: 00:30:45

Health: -9/97      AC:  2    Str: 19    XL:     9   Next: 92%
Magic:  9/12       EV: 19    Int: 14    God:    Wu Jian [......]
Gold:   526        SH:  0    Dex: 14    Spells: 3/12 levels left

rFire    . . .     SeeInvis .     - Unarmed
rCold    . . .     Gourm    .   (shield currently unavailable)
rNeg     . . .     Faith    .   (armour currently unavailable)
rPois    x         Spirit   .   (helmet currently unavailable)
rElec    .         Reflect  .   (cloak currently unavailable)
rCorr    .         Harm     .   (gloves unavailable)
MR       .....                  (boots unavailable)
Stlth    +.........             (no amulet)
HPRegen  0.26/turn              (no ring)
MPRegen  0.13/turn              (no ring)

@: spider-form
A: tiny, unfitting armour
a: End Transformation, Renounce Religion


You were on level 8 of the Dungeon.
You worshipped Wu Jian.
Wu Jian was noncommittal.
You were not hungry.
You were a venomous arachnid creature.
You visited 2 branches of the dungeon, and saw 9 of its levels.
You also visited: Ossuary.

You collected 526 gold pieces.

Inventory:

Missiles
 n - 91 arrows
Armour
 b - a +0 robe (melded)
Magical Staves
 a - an uncursed staff of wizardry
Wands
 w - a wand of disintegration (13)
 B - a wand of random effects (16)
 D - a wand of digging (3)
Scrolls
 c - 3 scrolls of teleportation
 e - 3 scrolls of fog
 f - 11 scrolls of remove curse
 j - 2 scrolls of amnesia
 k - 2 scrolls of blinking
 l - 2 scrolls of enchant weapon
 m - 3 scrolls of fear {unknown}
 o - a scroll of immolation {unknown}
 q - 5 scrolls of magic mapping
 u - a scroll of noise {unknown}
 v - a scroll of random uselessness {unknown}
 y - 2 scrolls of identify
 C - a scroll of enchant armour {unknown}
Potions
 g - 2 potions of lignification
 h - a potion of flight {unknown}
 i - a potion of berserk rage
 p - 2 potions of cancellation
 r - 6 potions of curing
 s - 3 potions of brilliance
 t - 2 potions of agility
 x - a potion of ambrosia {unknown}
 z - a potion of heal wounds {unknown}
 A - a potion of resistance {unknown}
Comestibles
 d - 6 rations


   Skills:
 + Level 8.4 Fighting
 - Level 1.7 Dodging
 * Level 8.8 Unarmed Combat
 - Level 2.4 Spellcasting
 + Level 7.3 Transmutations


You had 3 spell levels left.
You knew the following spells:

 Your Spells              Type           Power        Failure   Level  Hunger
a - Spider Form           Tmut/Pois      ##........   34%         3    ###....
b - Sticks to Snakes      Tmut           ###.....     7%          2    ###....
c - Ice Form              Ice/Tmut       ##......     67%         4    #####..

Your spell library contained the following spells:

 Spells                   Type           Power        Failure   Level  Hunger
 Beastly Appendage        Tmut           ###...       5%          1    #......
 Magic Dart               Conj           #...         43%         1    #......
 Searing Ray              Conj           #.....       56%         2    ###....
 Dazzling Spray           Conj/Hex       #.....       77%         3    ###....
 Blade Hands              Tmut           ###.......   52%         5    ######.
 Force Lance              Conj/Tloc      #.......     98%         4    #####..
 Fulminant Prism          Conj/Hex       #.........   98%         4    #####..
 Iskenderun's Mystic Bla  Conj           #.......     98%         4    #####..


Dungeon Overview and Level Annotations

Branches:
Dungeon (8/15)             Temple (1/1) D:4         Ossuary (visited)
   Lair: D:8-11

Altars:
Ashenzari
Cheibriados
Dithmenos
Elyvilon
Fedhas
Gozag
Hepliaklqana
Kikubaaqudgha
Makhleb
Nemelex Xobeh
Okawaru
Qazlal
Ru
Sif Muna
Trog
Uskayaw
Vehumet
Wu Jian
Xom
Yredelemnul
Zin

Shops:
D:7 [*=

Annotations:
D:3 1 runed translucent door, Sondor's ghost, amateur DsAK
D:4 1 runed translucent door, Crazy Yiuf
D:8 Joseph


Innate Abilities, Weirdness & Mutations

You are too large for most types of armour.
((You have tough skin. (AC +1)))


Message History

Your +0 robe melds into your body.
There is a stone staircase leading up here.
You closely miss something.
The shadow strikes at you from the darkness!
* * * LOW HITPOINT WARNING * * *
Reactivating autopickup.
You barely miss the shadow. The shadow completely misses you.
You hit the shadow.
The shadow is moderately damaged.
The shadow completely misses you.
You bite the shadow!
The shadow is severely damaged.
You hit the shadow.
The shadow is almost destroyed.
The shadow slips into darkness.
The shadow flickers and vanishes!
Deactivating autopickup; reactivate with Ctrl-A.
You miss something.
The shadow strikes at you from the darkness!
You die...

###### #....# #..s.#
#..{.############
#....##.........#
#....##.........# #
#....##.........###.
..##...............##..
........##.........#...
####.....#.........#...
####............#...


There were no monsters in sight!

Vanquished Creatures
  A hippogriff (D:7)
  Sigmund (D:6)
  Eustachio (D:4)
  Menkaure (D:6)
  Edmund (D:4)
  3 sky beasts
  2 phantoms
  An ice beast (D:5)
  4 ogres
  A centaur (D:5)
  A crocodile (D:7)
  3 bullfrogs
  3 scorpions
  5 killer bees (D:8)
  A bullfrog zombie (D:7)
  2 howler monkeys
  A crimson imp (D:6)
  A human zombie (Ossuary)
  A hound (D:7)
  4 orc wizards
  An orc priest (D:2)
  A bullfrog skeleton (D:5)
  An iguana (D:7)
  2 worker ants (D:6)
  A killer bee zombie (D:7)
  A big kobold zombie (Ossuary)
  2 hound skeletons
  4 mummies
  A howler monkey skeleton (D:7)
  4 gnolls (D:3)
  5 adders
  A river rat (D:4)
  A shadow imp (D:5)
  An ooze (D:5)
  4 adder zombies (Ossuary)
  An adder skeleton (D:7)
  2 worms
  A dart slug (D:2)
  8 leopard geckos
  14 orcs
  3 giant cockroaches
  11 goblins
  8 hobgoblins
  7 jackals
  5 quokkas
  A ball python (D:4)
  7 bats
  7 frilled lizards
  4 goblin zombies
  3 hobgoblin zombies (Ossuary)
  7 kobolds
  3 kobold zombies
  A leopard gecko skeleton (D:5)
  3 quokka zombies
  12 rats
  2 rat zombies (Ossuary)
  A fungus (D:4)
179 creatures vanquished.

Vanquished Creatures (collateral kills)
  An adder (D:3)
  2 goblins (D:3)
  A hobgoblin (D:1)
  A kobold (D:3)
  A rat (D:1)
6 creatures vanquished.

Grand Total: 185 creatures vanquished

Notes
Turn   | Place    | Note
-------+----------+-------------------------------------------
     0 | D:1      | Cryoshakespeare the Ogre Transmuter began the quest for the
                  | Orb.
     0 | D:1      | Reached XP level 1. HP: 19/19 MP: 3/3
   293 | D:1      | Reached XP level 2. HP: 17/27 MP: 3/5
   399 | D:1      | Learned a level 2 spell: Sticks to Snakes
   730 | D:1      | Reached XP level 3. HP: 32/33 MP: 4/6
   738 | D:1      | Learned a level 3 spell: Spider Form
  1201 | D:2      | Found a burning altar of Makhleb.
  1516 | D:2      | Reached XP level 4. HP: 41/41 MP: 4/7
  1521 | D:2      | Reached XP level 5. HP: 47/48 MP: 4/8
  2168 | D:3      | Reached skill level 5 in Transmutations
  2629 | D:3      | Found a runed translucent door.
  2631 | D:3      | Noticed Sondor's ghost (amateur DsAK)
  2819 | D:3      | Reached XP level 6. HP: 52/57 MP: 4/9
  3218 | D:4      | Found a staircase to the Ecumenical Temple.
  3228 | Temple   | Entered the Ecumenical Temple
  3754 | D:4      | Found a sand-covered staircase.
  3768 | Ossuary  | Entered an ossuary
  4110 | Ossuary  | Learned a level 4 spell: Ice Form
  4261 | Ossuary  | Reached XP level 7. HP: 42/67 MP: 5/10
  4516 | D:4      | Found an ancient bone altar of Kikubaaqudgha.
  4517 | D:4      | Noticed Edmund
  4559 | D:4      | Killed Edmund
  4734 | D:4      | Reached skill level 5 in Unarmed Combat
  4973 | D:4      | Noticed Eustachio
  5004 | D:4      | Killed Eustachio
  5004 | D:4      | Reached skill level 5 in Fighting
  5004 | D:4      | Reached XP level 8. HP: 59/80 MP: 9/11
  5885 | D:4      | Found a runed translucent door.
  5886 | D:4      | Noticed Crazy Yiuf
  5922 | D:5      | Entered Level 5 of the Dungeon
  6855 | D:6      | Noticed Sigmund
  6871 | D:6      | Killed Sigmund
  6871 | D:6      | Reached XP level 9. HP: 82/92 MP: 9/12
  7172 | D:6      | Found a basalt altar of Yredelemnul.
  7200 | D:6      | Found a white marble altar of Elyvilon.
  7296 | D:6      | Noticed Menkaure
  7601 | D:6      | Killed Menkaure
  7755 | D:7      | Found Bugay's General Store.
  7942 | D:7      | Found a shadowy altar of Dithmenos.
  7975 | D:7      | Found Hima's Armour Emporium.
  8318 | D:7      | Found an ornate altar of the Wu Jian Council.
  8336 | D:7      | Became a worshipper of the Wu Jian Council
  8351 | D:7      | Found Aqaoh's Jewellery Emporium.
  8437 | D:7      | Found a stormy altar of Qazlal.
  8870 | D:7      | Found a radiant altar of Vehumet.
  9112 | D:8      | Noticed Joseph
  9231 | D:8      | Mangled by a shadow

Levels and vault maps discovered:
D:1:      dpeg_arrival_chase, layout_loops_ring, dk_noncrumbling_3, st_stairs_11
D:2:      cheibrodos_pilgrimage, layout_loops_corners, old_standard_altar,
          nicolae_underground_beach
D:3:      layout_rooms, ebering_ghost_reflecting_pool, first_ration,
          minmay_pentangle
D:4:      layout_loops_cross, old_standard_altar,
          minmay_temple_entry_butterflies, gup_sewer_entry_spiral,
          nicolae_ossuary_entry_giza, uniq_edmund, uniq_eustachio,
          uniq_crazy_yiuf_cottage
D:5:      layout_rooms
D:6:      layout_basic, elyvilon_altar_1, yredelemnul_altar_generic,
          uniq_sigmund, uniq_menkaure
D:7:      layout_loops_cross, grunt_dithmenos_smoke_and_mirrors,
          lemuel_doored_altar, chequers_temple_overflow_statue_of_worship,
          serial_shops, nicolae_shop_waterfront, nicolae_shop_behind_doors, shop
D:8:      layout_rooms, kennysheep_potato, uniq_joseph
Temple:   nicolae_temple_figure_eight

Skill      XL: |  1  2  3  4  5  6  7  8  9 |
---------------+----------------------------+-----
Transmutations | 2 3 4 5 6 7 |  7.3
Unarmed Combat | 3 4 5 7 8 |  8.8
Fighting       | 2 3 5 6 8 |  8.4
Dodging        | |  1.7
Spellcasting   | |  2.4

Action                   |  1- 3 |  4- 6 |  7- 9 || total
-------------------------+-------+-------+-------++-------
Melee: Unarmed           |   119 |   205 |   286 ||   610
       Kick              |     7 |       |       ||     7
       Punch             |     2 |     1 |     1 ||     4
       Headbutt          |     3 |       |       ||     3
       Staff             |       |    17 |    17 ||    34
 Cast: Beastly Appendage |    16 |       |       ||    16
       Sticks to Snakes  |     3 |     6 |       ||     9
       Spider Form       |     3 |    18 |    35 ||    56
Invok: Lunge             |       |       |     4 ||     4
 Abil: End Transformatio |       |     2 |    12 ||    14
  Use: Scroll            |       |    10 |     5 ||    15
       Potion            |       |     3 |     1 ||     4
 Stab: Sleeping          |       |       |     1 ||     1
  Eat: Chunk             |     2 |     9 |     8 ||    19
       Ration            |       |     1 |     4 ||     5
Armor: Robe              |    20 |    39 |    15 ||    74
       Skin              |       |     7 |    53 ||    60
Dodge: Dodged            |    53 |   168 |   157 ||   378
